 Dungeon Crawl Stone Soup version 0.28.0 (webtiles) character file.

Game seed: 10430556593782254047

163 themarg the Charlatan (level 5, -3/37 HPs)
             Began as a Gnoll Wanderer on Feb 19, 2022.
             Was an Initiate of Yredelemnul.
             Killed by nerve-wracking pain
             ... invoked by an orc priest
              (11 damage)
             ... on level 3 of the Dungeon.
             The game lasted 00:11:56 (3364 turns).

themarg the Charlatan (Gnoll Wanderer)              Turns: 3364, Time: 00:11:57

Health: -3/37      AC:  3    Str: 12    XL:     5   Next: 44%
Magic:  9/9        EV: 11    Int: 11    God:    Yredelemnul [......]
Gold:   47         SH:  0    Dex: 13    Spells: 9/10 levels left

rFire   . . .      SeeInvis .   l - +0 whip (elec)
rCold   . . .      Faith    .   (no shield)
rNeg    . . .      Spirit   .   d - +0 leather armour
rPois   .          Reflect  .   (no helmet)
rElec   .          Harm     .   i - scarf {+Inv}
rCorr   .          Rampage  .   (no gloves)
Will    .....                   (no boots)
Stlth   ++........              (no amulet)
HPRegen 0.12/turn               (no ring)
MPRegen 0.11/turn               (no ring)

@: no status effects
A: fangs 1, strong nose, distributed training
a: Renounce Religion, Evoke Invisibility, Recall Undead Harvest


You were on level 3 of the Dungeon.
You worshipped Yredelemnul.
Yredelemnul was noncommittal.
You visited 1 branch of the dungeon, and saw 3 of its levels.

You collected 47 gold pieces.

Inventory:

Hand Weapons
 a - a +0 hand crossbow
 l - a +0 whip of electrocution (weapon)
 o - a +2 short sword of protection
Missiles
 b - 31 bolts
 m - 6 poisoned darts (quivered)
Armour
 d - a +0 leather armour (worn)
 i - a scarf of invisibility (worn)
Wands
 c - a wand of polymorph (7)
Scrolls
 f - 3 scrolls of identify {unknown}
 g - a scroll of fear {unknown}
 p - a scroll of vulnerability {unknown}
 r - 3 scrolls of fog {unknown}
Potions
 e - a potion of mutation {unknown}
 h - a potion of haste {unknown}
 j - 3 potions of curing
 k - a potion of attraction
 n - a potion of berserk rage {unknown}
 q - a potion of flight {unknown}


   Skills:
 + Level 1.5 Fighting
 + Level 1.5 Short Blades
 + Level 1.5 Long Blades
 + Level 1.5 Axes
 + Level 1.5 Maces & Flails
 + Level 1.5 Polearms
 + Level 1.5 Staves
 + Level 1.5 Slings
 + Level 1.5 Bows
 + Level 4.8 Crossbows
 + Level 1.5 Throwing
 + Level 1.5 Armour
 + Level 1.5 Dodging
 + Level 2.8 Stealth
 + Level 1.5 Shields
 + Level 1.5 Unarmed Combat
 + Level 3.2 Spellcasting
 + Level 1.2 Conjurations
 + Level 5.5 Hexes
 + Level 1.2 Summonings
 + Level 1.2 Necromancy
 + Level 1.2 Translocations
 + Level 1.2 Transmutations
 + Level 1.2 Fire Magic
 + Level 1.2 Ice Magic
 + Level 1.2 Air Magic
 + Level 1.2 Earth Magic
 + Level 1.2 Poison Magic
 + Level 1.7 Invocations
 + Level 6.7 Evocations


You had 9 spell levels left.
You knew the following spells:

 Your Spells              Type           Power      Damage    Failure   Level
a - Slow                  Hex            56%        N/A       3%          1

Your spell library contained the following spells:

 Spells                   Type           Power      Damage    Failure   Level
 Dazzling Flash           Conj/Hex       18%        N/A       24%         3
 Gell's Gravitas          Tloc           4%         N/A       52%         3
 Lesser Beckoning         Tloc           4%         N/A       52%         3
 Teleport Other           Tloc           4%         N/A       52%         3
 Leda's Liquefaction      Hex/Erth       4%         N/A       63%         4


Dungeon Overview and Level Annotations

Branches:
Dungeon (3/15)

Altars:
Yredelemnul


Innate Abilities, Weirdness & Mutations

You have very sharp teeth.
Your uncanny sense of smell can sniff out nearby items.
Your experience applies equally to all skills.


Message History

You hit the orc but do no damage.
The orc is almost dead.
The orc hits you but does no damage.
You closely miss the orc. Your bite misses the orc.
The orc is almost dead.
Something hits your orc zombie. The orc hits you with a +0 whip.
* * * LOW HITPOINT WARNING * * *
You closely miss the orc. You bite the orc.
You kill the orc!
Something hits your orc zombie.
Your orc zombie hits something but does no damage.
You hit the orc.
The orc is heavily wounded.
Your orc zombie is smitten.
Your orc zombie is destroyed!
The orc completely misses you.
The orc priest shouts!
You hit the orc.
The orc is severely wounded.
The orc hits you with a +0 club.
* * * LOW HITPOINT WARNING * * *
You closely miss the orc. You bite the orc, but do no damage.
The orc is severely wounded.
The orc hits you with a +0 club.
* * * LOW HITPOINT WARNING * * *
It was a potion of curing.
You feel better. The orc hits you with a +0 club.
* * * LOW HITPOINT WARNING * * *
You closely miss the orc. Your bite misses the orc.
The orc is severely wounded.
The orc hits you with a +0 club.
* * * LOW HITPOINT WARNING * * *
You barely miss the orc. You punch the orc.
You kill the orc!
There is an open door here.
Items here: ))) [.
You closely miss the orc priest.
The orc priest invokes the aid of Beogh against you.
Pain shoots through your body!
You die...
Your body rises from the dead as a mindless zombie.

#.# #.# #.# #
#.#.... #.#
#.#.#.# #.#
#.#.#.# #.#
#.#.#.# #.# #
#.#># ...
####.#.#####>...
#....#o........#
#....@...).....#
#....#######....
#....# . #....#
#....# #....#
#....# #....


You could see an orc priest.

Vanquished Creatures
  Natasha (thrice) (D:2)
  An adder (D:2)
  2 dart slugs (D:1)
  4 orcs (D:3)
  4 ball pythons
  5 endoplasms
  A goblin (D:2)
  4 hobgoblins
  6 jackals (D:1)
  A quokka (D:1)
  3 bats
  A frilled lizard (D:2)
  3 kobolds
  4 rats
42 creatures vanquished.

Vanquished Creatures (collateral kills)
  An adder (D:2)
  2 dart slugs
  An endoplasm (D:1)
  2 hobgoblins
  5 kobolds
  2 quokkas
  A bat (D:2)
  A frilled lizard (D:2)
  A rat (D:1)
16 creatures vanquished.

Vanquished Creatures (others)
  2 bat zombies (D:1)
  2 ball python zombies
  A hobgoblin zombie (D:2)
  2 jackal zombies (D:1)
  An orc zombie (D:3)
8 creatures vanquished.

Grand Total: 66 creatures vanquished

Notes
Turn   | Place    | Note
-------+----------+-------------------------------------------
     0 | D:1      | themarg the Gnoll Wanderer began the quest for the Orb.
     0 | D:1      | themarg set off with the following items: a +0 hand
                  | crossbow, 20 bolts, a wand of polymorph (7), a +0 leather
                  | armour; and the following spell memorised: Slow; and the
                  | following spells available to memorise: Dazzling Flash,
                  | Leda's Liquefaction
     0 | D:1      | Reached XP level 1. HP: 13/13 MP: 4/4
    49 | D:1      | Reached XP level 2. HP: 14/19 MP: 5/5
   185 | D:1      | Found a faded altar of an unknown god.
   187 | D:1      | Prayed at the altar of an unknown god.
   187 | D:1      | Became a worshipper of Yredelemnul the Dark
   275 | D:1      | Reached * piety under Yredelemnul
   453 | D:1      | Reached XP level 3. HP: 25/25 MP: 7/7
   486 | D:1      | Reached ** piety under Yredelemnul
  1028 | D:1      | Reached skill level 1 in Invocations
  1900 | D:2      | Reached skill level 1 in Fighting
  1900 | D:2      | Reached skill level 1 in Short Blades
  1900 | D:2      | Reached skill level 1 in Long Blades
  1900 | D:2      | Reached skill level 1 in Axes
  1900 | D:2      | Reached skill level 1 in Maces & Flails
  1900 | D:2      | Reached skill level 1 in Polearms
  1900 | D:2      | Reached skill level 1 in Staves
  1900 | D:2      | Reached skill level 1 in Slings
  1900 | D:2      | Reached skill level 1 in Bows
  1900 | D:2      | Reached skill level 1 in Throwing
  1900 | D:2      | Reached skill level 1 in Armour
  1900 | D:2      | Reached skill level 1 in Dodging
  1900 | D:2      | Reached skill level 1 in Shields
  1900 | D:2      | Reached skill level 1 in Unarmed Combat
  1900 | D:2      | Noticed Natasha
  1908 | D:2      | Killed Natasha
  1909 | D:2      | Reached XP level 4. HP: 19/32 MP: 8/8
  2253 | D:2      | Reached skill level 1 in Conjurations
  2253 | D:2      | Reached skill level 1 in Summonings
  2253 | D:2      | Reached skill level 1 in Necromancy
  2253 | D:2      | Reached skill level 1 in Translocations
  2253 | D:2      | Reached skill level 1 in Transmutations
  2253 | D:2      | Reached skill level 1 in Fire Magic
  2253 | D:2      | Reached skill level 1 in Ice Magic
  2253 | D:2      | Reached skill level 1 in Air Magic
  2253 | D:2      | Reached skill level 1 in Earth Magic
  2253 | D:2      | Reached skill level 1 in Poison Magic
  2380 | D:2      | Noticed Natasha
  2390 | D:2      | Killed Natasha
  2509 | D:2      | Noticed Natasha
  2519 | D:2      | Killed Natasha
  2520 | D:2      | Reached XP level 5. HP: 29/37 MP: 9/9
  3364 | D:3      | Killed from afar by an orc priest

Illustrated notes

Levels and vault maps discovered:
D:1:      minmay_arrival_open_corners, layout_basic,
          chequers_ecumenical_altar_twisty, minmay_split_cup_small
D:2:      layout_basic, nrook_campfire, uniq_natasha
D:3:      layout_basic

Skill      XL: |  1  2  3  4 |
---------------+-------------+-----
Invocations    | 1 |  1.7
Fighting       | 1 |  1.5
Short Blades   | 1 |  1.5
Long Blades    | 1 |  1.5
Axes           | 1 |  1.5
Maces & Flails | 1 |  1.5
Polearms       | 1 |  1.5
Staves         | 1 |  1.5
Slings         | 1 |  1.5
Bows           | 1 |  1.5
Throwing       | 1 |  1.5
Armour         | 1 |  1.5
Dodging        | 1 |  1.5
Shields        | 1 |  1.5
Unarmed Combat | 1 |  1.5
Spellcasting   | 3 |  3.2
Conjurations   | 1 |  1.2
Summonings     | 1 |  1.2
Necromancy     | 1 |  1.2
Translocations | 1 |  1.2
Transmutations | 1 |  1.2
Fire Magic     | 1 |  1.2
Ice Magic      | 1 |  1.2
Air Magic      | 1 |  1.2
Earth Magic    | 1 |  1.2
Poison Magic   | 1 |  1.2
Crossbows      | |  4.8
Stealth        | |  2.8
Hexes          | |  5.5
Evocations     | |  6.7

Action                   |  1- 3 |  4- 6 || total
-------------------------+-------+-------++-------
Melee: Whip              |    67 |    66 ||   133
       Bite              |     3 |     6 ||     9
       Punch             |       |     2 ||     2
 Fire: Hand crossbow     |    28 |       ||    28
  Use: Potion            |     1 |     1 ||     2
 Stab: Sleeping          |     1 |     2 ||     3
       Distracted        |     1 |       ||     1
Armor: Leather armour    |    21 |    12 ||    33
Dodge: Dodged            |    51 |    35 ||    86
